 Dungeon Crawl Stone Soup version 0.30-a0-964-gd452b5e7fa (webtiles) character file.

Game seed: 15247678893692847924

22384 Newt the Markskobold (level 13, -7/78 HPs)
             Began as a Kobold Hunter on Mar 30, 2023.
             Was an Elder of Qazlal.
             Mangled by a hell knight
             ... wielding a +4 long sword of flaming
              (13 damage)
             ... on level 12 of the Dungeon.
             The game lasted 00:18:49 (13714 turns).

Newt the Markskobold (Kobold Hunter)               Turns: 13714, Time: 00:18:49

Health: -7/78      AC:  9    Str:  8    XL:     13   Next: 27%
Magic:  20/20      EV: 24    Int: 16    God:    Qazlal [****..]
Gold:   628        SH:  5    Dex: 24    Spells: 12/12 levels left

rFire   . . .      SeeInvis .    a - +5 shortbow (flame)
rCold   . . .      Faith    +    (shield currently unavailable)
rNeg    . . .      Spirit   .    A - +2 animal skin
rPois   .          Reflect  .    (no helmet)
rElec   .          Rampage  .    n - +0 cloak
rCorr   .                        v - +2 pair of gloves
Will    +....                    D - +0 pair of boots
Stlth   ++                       K - amulet of faith
HPRegen 0.33/turn                B - ring of willpower
MPRegen 0.17/turn                j - +6 ring of intelligence

@: repel missiles
A: small, no large weapons, nightstalker 3
a: Renounce Religion, Upheaval, Elemental Force


You were on level 12 of the Dungeon.
You worshipped Qazlal.
Qazlal was greatly pleased with you.
You visited 3 branches of the dungeon, and saw 14 of its levels.
You also visited: Bailey.

You collected 706 gold pieces.
You spent 78 gold pieces at shops.

Inventory:

Hand Weapons
 a - a +5 shortbow of flaming (weapon)
 C - a +1 shortbow of draining
Missiles
 I - 4 throwing nets
Armour
 c - a +0 leather armour
 n - a +0 cloak (worn)
 v - a +2 pair of gloves (worn)
 A - a +2 animal skin (worn)
 D - a +0 pair of boots (worn)
Jewellery
 j - a +6 ring of intelligence (right hand)
 q - a ring of magical power
 u - a ring of flight
 B - a ring of willpower (left hand)
 H - a ring of resist corrosion
 K - an amulet of faith (around neck)
 N - a ring of positive energy
Wands
 k - a wand of mindburst (4)
 w - a wand of roots (16)
 y - a wand of paralysis (36)
 M - a wand of acid (11)
Scrolls
 b - 3 scrolls of immolation
 d - 3 scrolls of blinking
 e - 3 scrolls of enchant armour
 l - 2 scrolls of amnesia
 m - a scroll of fear
 p - 13 scrolls of teleportation
 s - 3 scrolls of fog
 E - a scroll of magic mapping
Potions
 f - 2 potions of attraction
 g - 2 potions of flight
 h - 2 potions of brilliance
 i - 2 potions of ambrosia
 o - 2 potions of cancellation
 r - 4 potions of heal wounds
 t - a potion of lignification
 x - a potion of invisibility
 z - 12 potions of curing
 F - 2 potions of degeneration
 G - 2 potions of resistance
 J - a potion of might {unknown}
 L - 3 potions of haste
 O - 2 potions of berserk rage {unknown}


   Skills:
 - Level 8.0 Fighting
 - Level 19.7 Ranged Weapons
 + Level 10.4 Dodging
 - Level 1.3 Stealth
 - Level 10.0 Invocations
 - Level 6.0 Evocations


You had 12 spell levels left.
You didn't know any spells.
Your spell library contained the following spells:

 Spells                   Type           Power      Damage    Failure   Level
 Kiss of Death            Conj/Necr      0%         2d5       26%         1
 Magic Dart               Conj           0%         1d3       26%         1
 Blink                    Tloc           0%         N/A       36%         2
 Call Imp                 Summ           0%         N/A       36%         2
 Cigotuvi's Dreadful Rot  Necr/Pois/Air  0%         N/A       36%         2
 Ensorcelled Hibernation  Hex/Ice        0%         N/A       36%         2
 Passwall                 Tmut/Erth      0%         N/A       36%         2
 Poisonous Vapours        Pois/Air       0%         N/A       36%         2
 Confusing Touch          Hex            0%         N/A       58%         3
 Mephitic Cloud           Conj/Pois/Air  0%         N/A       58%         3
 Ozocubu's Armour         Ice            0%         N/A       58%         3
 Swiftness                Air            0%         N/A       58%         3
 Airstrike                Air            0%         2d(0-16)  94%         4
 Dispel Undead            Necr           0%         3d6       94%         4
 Manifold Assault         Tloc           0%         N/A       94%         4
 Summon Lightning Spire   Summ/Air       0%         N/A       94%         4
 Metabolic Englaciation   Hex/Ice        0%         N/A       100%        5
 Plasma Beam              Fire/Air       0%         2x1d7     100%        5
 Simulacrum               Ice/Necr       0%         N/A       100%        6
 Ozocubu's Refrigeration  Ice            0%         4d7       100%        7
 Storm Form               Tmut/Air       0%         N/A       100%        7


Dungeon Overview and Level Annotations

Branches:
Dungeon (12/15)            Temple (1/1) D:7            Lair (1/5) D:11
    Orc (0/2) D:11         Bailey (visited)

Altars:
Ashenzari
Cheibriados
Dithmenos
Elyvilon
Fedhas
Gozag
Kikubaaqudgha
Nemelex Xobeh
Okawaru
Qazlal
Ru
Sif Muna
Trog
Vehumet
Wu Jian
Xom
Yredelemnul
Zin
Lugonu

Shops:
D:6 =(*   D:12 (

Portals:
Abyss: D:3

Annotations:
D:3 1 runed translucent door, SpyderV's ghost, amateur OpTm
D:8 2 transporters, lesbiats's ghost, novice TrFi


Innate Abilities, Weirdness & Mutations

You are small and have problems with some larger weapons.
You are completely attuned to the shadows.


Message History

The hell knight struggles to resist.
The hell knight hits you with a +4 long sword of flaming!
* * * LOW HITPOINT WARNING * * *
The hell knight burns you.
* * * LOW HITPOINT WARNING * * *
Unknown command.
You feel much better. You block the hell knight's attack.
The hell knight completely misses you.
Unknown command.
Aiming: Mindburst
Press: ? - help, Shift-Dir - straight line, f/p - hell knight
Aim: a hell knight, wielding a +4 long sword of flaming and wearing a +0 plate armour (lightly wounded, fast, chance to affect: 71%)
The hell knight struggles to resist.
The hell knight hits you with a +4 long sword of flaming!!
* * * LOW HITPOINT WARNING * * *
The hell knight burns you.
* * * LOW HITPOINT WARNING * * *
Unknown command.
Unknown command.
You feel much better. You block the hell knight's attack.
The hell knight closely misses you.
As you read the scroll of fear, it crumbles to dust.
You assume a fearsome visage.
The hell knight looks frightened!
The hell knight mumbles some strange prayers to its god.
The hell knight blinks!
Unknown command.
Fire: a) +5 shortbow (flame)
Press: ? - help, Shift-Dir - straight line, f/p - hell knight
Aim: a hell knight, wielding a +4 long sword of flaming and wearing a +0 plate armour (lightly wounded, fast, fleeing, 83% to hit)
You shoot an arrow. The arrow hits the hell knight!
Your attack snaps the hell knight out of its fear.
The hell knight is moderately wounded.
Aiming: Mindburst
Press: ? - help, Shift-Dir - straight line, f/p - hell knight
Aim: a hell knight, wielding a +4 long sword of flaming and wearing a +0 plate armour (moderately wounded, fast, chance to affect: 71%)
The hell knight's mind is blasted!
The hell knight hits you with a +4 long sword of flaming!!
* * * LOW HITPOINT WARNING * * *
The hell knight burns you!
You die...

..# #.# . #.# ..##.#
..'p@###### ..##..○...#
#.§.....# #.......#
#########.#####
#.......#..##
#...........##
###############'##...##
........)...†.........#


You could see a hell knight (fast).

Vanquished Creatures
  Harold (D:9)
  2 vault guards (Bailey)
  2 boulder beetles (D:11)
  2 two-headed ogres
  A hell knight (D:12)
  2 ugly things
  2 cyclopes (D:12)
  A rust devil (D:12)
  4 cane toads (Lair:1)
  A kobold demonologist (D:10)
  2 unseen horrors (D:11)
  Psyche (D:12)
  2 komodo dragons
  2 trolls (D:10)
  A hornet (D:9)
  Prince Ribbit (Bailey)
  A shadow (D:11)
  5 slime creatures
  17 yaks
  A basilisk (D:12)
  3 humans (Bailey)
  4 vampire mosquitoes (D:11)
  5 hell hounds (D:12)
  2 water moccasins (Lair:1)
  2 ice beasts
  4 orc warriors
  3 sky beasts
  2 black bears (Lair:1)
  2 ogres
  10 centaurs
  3 wolves (Lair:1)
  3 phantoms
  15 bullfrogs
  10 kobold brigands
  A gnoll sergeant (D:9)
  3 scorpions
  11 wights
  8 killer bees
  4 howler monkeys
  2 jellies
  13 orc priests
  3 hounds
  8 iguanas
  A sleepcap (D:6)
  10 orc wizards
  Robin (D:4)
  9 gnolls
  12 adders
  2 shadow imps (D:10)
  4 white imps
  3 worms
  3 dart slugs
  38 orcs
  4 endoplasms
  4 giant cockroaches
  8 hobgoblins
  A quokka (D:1)
  6 ball pythons
  6 bats
  17 goblins
  51 kobolds
  6 kobold skeletons (D:10)
  11 kobold zombies (D:10)
  8 rats
377 creatures vanquished.

Vanquished Creatures (collateral kills)
  3 wolves (Lair:1)
3 creatures vanquished.

Vanquished Creatures (others)
  A frilled lizard (D:1)
  4 fungi (Lair:1)
  47 plants
52 creatures vanquished.

Grand Total: 432 creatures vanquished

Notes
Turn   | Place    | Note
-------+----------+-------------------------------------------
     0 | D:1      | Newt the Kobold Hunter began the quest for the Orb.
     0 | D:1      | Reached XP level 1. HP: 12/12 MP: 1/1
   149 | D:1      | Reached XP level 2. HP: 18/18 MP: 2/2
   938 | D:2      | Reached XP level 3. HP: 24/24 MP: 3/3
  1066 | D:2      | Reached XP level 4. HP: 6/30 MP: 4/4
  1677 | D:3      | Reached skill level 5 in Fighting
  1742 | D:3      | Reached skill level 6 in Ranged Weapons
  1742 | D:3      | Reached XP level 5. HP: 19/35 MP: 5/5
  1803 | D:3      | Found a runed translucent door.
  1803 | D:3      | Noticed SpyderV's ghost (amateur OpTm)
  2025 | D:3      | Found a one-way gate to the infinite horrors of the Abyss.
  2148 | D:3      | Found a large runed translucent door.
  2149 | D:3      | Found a large runed translucent door.
  2267 | D:3      | Found a corrupted altar of Lugonu.
  2405 | D:4      | Noticed Robin
  2410 | D:4      | Killed Robin
  2458 | D:4      | Reached skill level 7 in Ranged Weapons
  2458 | D:4      | Reached XP level 6. HP: 40/40 MP: 6/6
  2573 | D:4      | Found an ancient bone altar of Kikubaaqudgha.
  2740 | D:4      | Reached skill level 8 in Ranged Weapons
  2906 | D:4      | Reached XP level 7. HP: 41/44 MP: 7/7
  2910 | D:4      | Reached skill level 9 in Ranged Weapons
  2957 | D:4      | Found a shimmering blue altar of Sif Muna.
  3154 | D:5      | Entered Level 5 of the Dungeon
  3213 | D:5      | Reached skill level 10 in Ranged Weapons
  3224 | D:5      | Reached XP level 8. HP: 21/49 MP: 8/8
  3570 | D:5      | Reached skill level 5 in Dodging
  4246 | D:6      | Found Hamoaj's Assorted Antiques.
  4253 | D:6      | Bought a scroll labelled KUUNIM TEEM for 26 gold pieces
  4253 | D:6      | Bought a scroll of identify for 52 gold pieces
  4295 | D:6      | Reached skill level 11 in Ranged Weapons
  4374 | D:6      | Found a broken altar of Ashenzari.
  4441 | D:6      | Reached skill level 12 in Ranged Weapons
  4441 | D:6      | Reached XP level 9. HP: 54/54 MP: 9/9
  4496 | D:6      | Found Ucukav's Weapon Emporium.
  4587 | D:6      | Reached skill level 13 in Ranged Weapons
  4636 | D:6      | Found Wium's Jewellery Shoppe.
  5187 | D:7      | Found a staircase to the Ecumenical Temple.
  5198 | Temple   | Entered the Ecumenical Temple
  5487 | D:7      | Reached skill level 14 in Ranged Weapons
  5489 | D:7      | Reached skill level 1 in Evocations
  5794 | D:8      | Reached skill level 5 in Evocations
  5800 | D:8      | Reached XP level 10. HP: 49/59 MP: 10/10
  5816 | D:8      | Found a flagged portal.
  5867 | Bailey   | Entered a bailey
  6213 | Bailey   | Noticed Prince Ribbit
  6214 | Bailey   | Noticed a vault guard
  6221 | Bailey   | Killed Prince Ribbit
  6229 | Bailey   | Killed a vault guard
  6230 | Bailey   | Reached skill level 15 in Ranged Weapons
  6296 | Bailey   | Noticed a vault guard
  6309 | Bailey   | Killed a vault guard
  6310 | Bailey   | Reached skill level 16 in Ranged Weapons
  6310 | Bailey   | Reached XP level 11. HP: 49/68 MP: 11/11
  6722 | D:8      | Found a transporter.
  6723 | D:8      | Found a transporter.
  6724 | D:8      | Noticed a moth of wrath
  7930 | D:8      | Noticed lesbiats's ghost (novice TrFi)
  7988 | D:9      | Reached skill level 10 in Dodging
  7991 | D:9      | Noticed Harold
  8003 | D:9      | Killed Harold
  8244 | D:9      | Found a stormy altar of Qazlal.
  8417 | D:9      | Reached skill level 17 in Ranged Weapons
  8852 | D:9      | Became a worshipper of Qazlal Stormbringer
  8878 | D:10     | Entered Level 10 of the Dungeon
  9106 | D:10     | Found a snail-covered altar of Cheibriados.
  9254 | D:10     | Reached skill level 18 in Ranged Weapons
  9526 | D:10     | Reached * piety under Qazlal
  9639 | D:10     | Reached XP level 12. HP: 63/73 MP: 12/12
  9839 | D:10     | Reached ** piety under Qazlal
  9914 | D:10     | Found an ancient bone altar of Kikubaaqudgha.
 10002 | D:11     | Noticed a boulder beetle
 10028 | D:11     | Killed a boulder beetle
 10441 | D:11     | Noticed a boulder beetle
 10448 | D:11     | Reached *** piety under Qazlal
 10449 | D:11     | Reached skill level 19 in Ranged Weapons
 10459 | D:11     | Killed a boulder beetle
 10748 | D:11     | Found a staircase to the Orcish Mines.
 11042 | D:11     | Found a staircase to the Lair.
 11111 | D:11     | Noticed a two-headed ogre
 11117 | D:11     | Killed a two-headed ogre
 11636 | Lair:1   | Entered Level 1 of the Lair of Beasts
 11669 | Lair:1   | Reached skill level 5 in Invocations
 11782 | Lair:1   | Reached **** piety under Qazlal
 12178 | D:12     | Noticed Psyche
 12180 | D:12     | Killed Psyche
 12274 | D:11     | Reached XP level 13. HP: 51/78 MP: 18/18
 12561 | D:12     | Found Nuekhli's Weapon Boutique.
 13285 | D:12     | Identified the +1 dagger of Kyzyipp {pain, +Blink rN+ Int+4
                  | Dex-3}
 13434 | D:12     | Reached skill level 10 in Invocations
 13714 | D:12     | Mangled by a hell knight

Illustrated notes

Levels and vault maps discovered:
D:1:      lightli_arrival_isolated_outpost, layout_basic, moated_statue,
          minmay_misc_feat_nine_boxes, nrook_campfire
D:2:      layout_basic, serial_bayou_crossing
D:3:      due_chaos_kobolds, layout_rooms, hellmonk_ghost_happy_afterlife
D:4:      layout_rooms, mainiacjoe_overflow_catch_the_wave,
          kennysheep_cross_bottleneck, uniq_robin
D:5:      layout_basic, amcnicky_mini_pool_small, nrook_pool_corridor
D:6:      layout_rooms, nicolae_overflow_hidden_temple, ashenzari_altar_1,
          serial_shops, nicolae_diamond_shop, shop, nicolae_lakefront_shop
D:7:      layout_rooms, minmay_temple_entry_sparse_star
D:8:      minmay_recursive_quarters, layout_basic,
          gammafunk_ghost_wrathful_warriors, enter_bailey_8, serial_rivers,
          chequers_serial_rivers_micro_b, chequers_serial_rivers_small_3,
          chequers_serial_rivers_micro_a, chequers_serial_rivers_small_3,
          chequers_serial_rivers_micro_c, chequers_serial_rivers_large_b,
          minmay_fountain_box
D:9:      layout_rooms, kennysheep_mini_moat, minivault_5, uniq_harold
D:10:     wander_kiku_kobolds, layout_long_grid, overflow_temple_1_default
D:11:     layout_stronghold, david_lair_shrubbed, erik_orc_4
D:12:     mludivico_vault, layout_basic, serial_shops,
          nicolae_shop_bloodbath_and_beyond, uniq_psyche, uniq_lodul
Temple:   dshaligram_water_room_temple
Lair:1:   wad_woods_stonehenge, layout_gridlike

Skill      XL: |  1  2  3  4  5  6  7  8  9 10 11 12 13 |
---------------+----------------------------------------+-----
Fighting       | 3 4 5 8 |  8.0
Ranged Weapons | 6 7 8 10 12 14 16 18 19 | 19.7
Dodging        | 4 6 10 | 10.4
Evocations     | 6 |  6.0
Invocations    | 7 10 | 10.0
Stealth        | |  1.3

Action                     |  1- 3 |  4- 6 |  7- 9 | 10-12 | 13-15 || total
---------------------------+-------+-------+-------+-------+-------++-------
   Fire: Shortbow          |    69 |   144 |   202 |   657 |    79 ||  1151
 Invoke: Elemental Force   |       |       |       |     1 |       ||     1
  Evoke: Wand              |       |       |     2 |     5 |     9 ||    16
    Use: Potion            |     2 |     2 |     2 |     3 |     2 ||    11
         Scroll            |       |     6 |    12 |     6 |     2 ||    26
 Armour: Leather armour    |    16 |    11 |       |       |       ||    27
         Animal skin       |       |       |    14 |    30 |     5 ||    49
         Skin              |       |       |       |     4 |       ||     4
  Dodge: Dodged            |    54 |    65 |    64 |   279 |    27 ||   489
         Repelled          |       |       |       |       |     3 ||     3
  Block: Other             |       |       |       |    19 |     6 ||    25

Table legend: (Time is in decaauts)
 A = Elapsed time spent in this place.
 B = Non-inter-level travel time spent in this place.
 C = Inter-level travel time spent in this place.
 D = Time resting spent in this place.
 E = Time spent auto-exploring this place.
 F = Levels seen in this place.
 G = Mean time per level.
                   A        B        C        D        E       F      G
               +--------+--------+--------+--------+--------+-----+--------+
         Total |  13625 |  13107 |    518 |   3020 |   8283 |  15 |  908.3 |
       Dungeon |  12212 |  11734 |    478 |   2318 |   7831 |  12 | 1017.7 |
        Temple |    241 |    220 |     21 |      0 |    206 |   1 |  241.0 |
          Lair |    481 |    463 |     18 |    304 |    108 |   1 |  481.0 |
        Bailey |    690 |    690 |      0 |    398 |    137 |   1 |  690.0 |
               +--------+--------+--------+--------+--------+-----+--------+

Top non-repeatable levels by time:
    D:11: 1853 daAuts
     D:8: 1506 daAuts
    D:12: 1313 daAuts
     D:9: 1062 daAuts
     D:5: 1046 daAuts
     D:1: 944 daAuts
    D:10: 908 daAuts
     D:4: 782 daAuts
     D:2: 756 daAuts
     D:3: 734 daAuts
  Bailey: 690 daAuts
     D:7: 680 daAuts
     D:6: 622 daAuts
  Lair:1: 481 daAuts
  Temple: 241 daAuts
